 Dungeon Crawl Stone Soup version 0.28-a0-653-g7e9dba17c3 (webtiles) character file.

Game seed: 3700290665870607932

16 flotson the Sneak (level 2, -5/24 HPs)
             Began as a Demonspawn Delver on Oct 11, 2021.
             Slain by a gnoll (15 damage)
             ... on level 3 of the Dungeon.
             The game lasted 00:00:58 (576 turns).

flotson the Sneak (Demonspawn Delver)                Turns: 576, Time: 00:01:00

Health: -5/24      AC:  3    Str: 12    XL:     2   Next: 41%
Magic:  2/2        EV: 12    Int: 11    God:
Gold:   0          SH:  0    Dex: 14    Spells: 1/1 levels left

rFire   . . .      SeeInvis .   a - +0 hand axe
rCold   . . .      Faith    .   (no shield)
rNeg    . . .      Spirit   .   b - +0 leather armour
rPois   .          Reflect  .   (no helmet)
rElec   .          Harm     .   (no cloak)
rCorr   .          Rampage  .   (no gloves)
Will    .....                   (no boots)
Stlth   ++........              (no amulet)
HPRegen 0.08/turn               (no ring)
MPRegen 0.08/turn               (no ring)

@: no status effects
A: demonic magic 1
a: no special abilities


You were on level 3 of the Dungeon.
You visited 1 branch of the dungeon, and saw 3 of its levels.

Inventory:

Hand Weapons
 a - a +0 hand axe (weapon)
Missiles
 f - 13 poisoned darts (quivered)
Armour
 b - a +0 leather armour (worn)
Wands
 g - a wand of digging (3)
Scrolls
 c - a scroll of fog
 d - a scroll of magic mapping
 e - a scroll of fear
 h - a scroll of summoning {unknown}


   Skills:
 + Level 3.2 Fighting
 + Level 2.0 Axes
 + Level 0.0 Throwing
 + Level 0.8 Armour
 + Level 2.0 Dodging
 - Level 4.5 Stealth


You had one spell level left.
You didn't know any spells.
Your spell library was empty.

Dungeon Overview and Level Annotations

Branches:
Dungeon (5/15)
 Temple: D:4-7

Altars:


Innate Abilities, Weirdness & Mutations

Spells you cast may paralyse adjacent enemies.


Message History

You hit the orc.
The orc is lightly wounded.
The orc hits you but does no damage.
You slash the orc!
You kill the orc!
You slash the orc!
You kill the orc!
Things that are here:
a +0 morningstar; a +0 whip; an orc corpse HP restored.
You see here 13 poisoned darts.
f - 13 poisoned darts
There is a stone staircase leading down here.
Found a stone staircase leading up.
A giant cockroach comes into view.
The helpless bat fails to defend itself.
You hit the bat.
The bat is severely wounded.
The bat hits you but does no damage.
A gnoll comes into view. It is wielding a +0 spear.
The bat hits you but does no damage.
The gnoll shouts!
You hit the bat.
The bat is severely wounded.
You hear a shout!
The bat hits you but does no damage.
A gnoll comes into view. It is wielding a +0 halberd.
The gnoll shouts!
You hit the bat.
You kill the bat!
The giant cockroach completely misses you.
The gnoll hits you with a +0 spear.
You hit the gnoll.
The gnoll is heavily wounded.
You hit the giant cockroach. The giant cockroach barely misses you.
The gnoll completely misses you. The gnoll hits you with a +0 spear!
A gnoll comes into view. It is wielding a +0 club.
The gnoll hits you from afar with a +0 halberd!
Ouch! That really hurt!
You die...

###### #######....#
#..........#####
##........B......
####......†.@gg.....
#...........##....##
#...........# .#g#
#...>.......... ..
###....###...$#.. .#
#......# #.####..< #
#......###.# .#
#......)...#
############


You could see 3 gnolls and a giant cockroach.

Vanquished Creatures
  An adder (D:4)
  A dart slug (D:4)
  2 orcs (D:3)
  A bat (D:3)
5 creatures vanquished.

Notes
Turn   | Place    | Note
-------+----------+-------------------------------------------
     0 | D:5      | flotson the Demonspawn Delver began the quest for the Orb.
     0 | D:5      | Reached XP level 1. HP: 18/18 MP: 1/1
   155 | D:4      | Noticed a black bear
   181 | D:4      | Gained mutation: Spells you cast may paralyse adjacent
                  | enemies. [demonic ancestry]
   181 | D:4      | Reached XP level 2. HP: 5/24 MP: 2/2
   576 | D:3      | Slain by a gnoll

Illustrated notes

Levels and vault maps discovered:
D:3:      layout_basic, minmay_joined_circles, uniq_crazy_yiuf_cottage
D:4:      layout_gridville, fedhas_ov_isle_minmay, lemuel_doored_altar,
          dk_noncrumbling_3, uniq_blork_the_orc, uniq_eustachio
D:5:      layout_cave_pods, mainiacjoe_overflow_small_starburst,
          nicolae_uskayaw_suspiria, ebering_dispersal_statue_hall

Skill      XL: |  1 |
---------------+----+-----
Axes           | 2 |  2.0
Dodging        | 2 |  2.0
Fighting       | |  3.2
Armour         | |  0.8
Stealth        | |  4.5

Action                   || total
-------------------------++-------
Melee: Hand axe          ||    20
  Use: Potion            ||     1
 Stab: Sleeping          ||     2
Armor: Leather armour    ||     5
Dodge: Dodged            ||     8

Table legend: (Time is in decaauts)
 A = Elapsed time spent in this place.
 B = Non-inter-level travel time spent in this place.
 C = Inter-level travel time spent in this place.
 D = Time resting spent in this place.
 E = Time spent auto-exploring this place.
 F = Levels seen in this place.
 G = Mean time per level.
                   A        B        C        D        E       F      G
               +--------+--------+--------+--------+--------+-----+--------+
         Total |    563 |    563 |      0 |    221 |    221 |   3 |  187.7 |
       Dungeon |    563 |    563 |      0 |    221 |    221 |   3 |  187.7 |
               +--------+--------+--------+--------+--------+-----+--------+

Top non-repeatable levels by time:
     D:4: 296 daAuts
     D:3: 140 daAuts
     D:5: 126 daAuts
